 Dungeon Crawl Stone Soup version 0.31-a0-1343-gcd514f47d3 (webtiles) character file.

Game seed: 11287292948307828692

75768 James the Slicer (level 15, -1/112 (117) HPs)
             Began as a Gnoll Wanderer on Dec 22, 2023.
             Was the Champion of Okawaru.
             Slain by an ettin
             ... wielding a +2 dire flail of draining
              (22 damage)
             ... on level 2 of the Orcish Mines.
             The game lasted 01:42:50 (25053 turns).

James the Slicer (Gnoll Wanderer)                  Turns: 25053, Time: 01:42:51

HP:   -1/112 (117)  AC: 27    Str: 17    XL:     15   Next: 51%
MP:   29/30         EV: 21    Int: 19    God:    Okawaru [******]
Gold: 1642          SH:  9    Dex: 23    Spells: 33/37 levels left

rFire   + . .        a - +4 trident of the Singing Badger {flame, rPois Str+2 Int+3 Stlth+}
rCold   + . .        v - +0 buckler of Vottiywa {rF+ Regen+ Int+4}
rNeg    + . .        W - +7 Kryia's mail coat {PotionHeal*2 rC+}
rPois   +            I - +2 helmet
rElec   +            M - +2 cloak of Omission {+Blink rPois Will+}
rCorr   .            g - +1 pair of gloves of Pandemonium {+Blink SInv}
SInv    +            (no boots)
Will    ++...        S - amulet of the acrobat
Stlth   ++++++       U - ring of Life {*Corrode rElec rPois rN+ Slay+4}
HPRegen 1.18/turn    h - ring of Padev {Int+2 Dex+6}
MPRegen 0.22/turn

%: corrode self (3%), acrobat
@: heroic, lightly drained
A: fangs 1, strong nose, distributed training
a: Renounce Religion, Evoke Blink, Heroism, Finesse, Duel, Receive Weapon,
Receive Armour


You were on level 2 of the Orcish Mines.
You worshipped Okawaru.
Okawaru was exalted by your worship.
You visited 4 branches of the dungeon, and saw 20 of its levels.
You visited the Abyss 1 time.
You also visited: Bailey.

You collected 1868 gold pieces.
You spent 226 gold pieces at shops.

Inventory:

Hand Weapons
 a - the +4 trident of the Singing Badger (weapon) {flame, rPois Str+2 Int+3 Stlth+}
   (You bought it in a shop on level 1 of the Dungeon)

   Str+2:     It affects your strength (+2).
   Int+3:     It affects your intelligence (+3).
   rPois:     It protects you from poison Stlth+: It makes you more stealthy.
 b - the +7 flail "Pixekan" {elec, rF- Int+3 SInv}
   (You found it on level 4 of the Lair of Beasts)

   Int+3:     It affects your intelligence (+3).
   rF-:       It makes you vulnerable to fire.
   SInv:      It lets you see invisible.
 A - a +0 sling of flaming
   (You took it off a goblin on level 4 of the Dungeon)
 Z - a +2 war axe of electrocution
   (You found it on level 6 of the Dungeon)
Missiles
 i - 28 poisoned darts (quivered)
 o - 16 boomerangs
 L - 5 javelins
 N - 6 silver javelins
 R - 2 throwing nets {!f}
 Y - a dart of dispersal {!f}
Armour
 e - a +2 ring mail of willpower
   (You found it on level 2 of the Dungeon)
 g - the +1 pair of gloves of Pandemonium (worn) {+Blink SInv}
   (You acquired it on level 8 of the Dungeon)

   SInv:      It lets you see invisible.
   +Blink:    It lets you blink.
 v - the +0 buckler of Vottiywa (worn) {rF+ Regen+ Int+4}
   (You acquired it on level 11 of the Dungeon)

   Int+4:     It affects your intelligence (+4).
   rF+:       It protects you from fire.
   Regen+:    It increases your rate of health regeneration.
 D - a +1 ring mail of fire resistance
   (You found it on level 1 of the Lair of Beasts)
 F - +0 fire dragon scales
   (You found it on level 9 of the Dungeon)
 I - a +2 helmet (worn)
   (You found it on level 5 of the Lair of Beasts)
 K - the +3 chain mail of Hangman {Regen+ Int+5}
   (You found it on level 8 of the Dungeon)

   Int+5:     It affects your intelligence (+5).
   Regen+:    It increases your rate of health regeneration.
 M - the +2 cloak of Omission (worn) {+Blink rPois Will+}
   (You acquired it on level 11 of the Dungeon)

   rPois:     It protects you from poison Will+: It increases your willpower.
   +Blink:    It lets you blink.
 P - a +2 plate armour of willpower
   (You found it on level 9 of the Dungeon)
 W - the +7 Kryia's mail coat (worn) {PotionHeal*2 rC+}
   (You found it on level 6 of the Dungeon)

   PotionHeal*2: Potions heal its wearer twice as much.
   rC+:       It protects you from cold.
Jewellery
 h - the ring of Padev (right hand) {Int+2 Dex+6}
   (You found it on level 9 of the Dungeon)

   [ring of dexterity]

   Int+2:     It affects your intelligence (+2).
   Dex+6:     It affects your dexterity (+6).
 H - a ring of wizardry
   (You found it on level 8 of the Dungeon)
 S - an amulet of the acrobat (around neck)
   (You found it on level 9 of the Dungeon)
 U - the ring of Life (left hand) {*Corrode rElec rPois rN+ Slay+4}
   (You acquired it on level 9 of the Dungeon)

   [ring of slaying]

   Slay+4:    It affects your accuracy & damage with ranged weapons and melee
   (+4).
   rElec:     It insulates you from electricity.
   rPois:     It protects you from poison rN+: It protects you from negative
   energy.
   *Corrode:  It may corrode you when you take damage.
Wands
 l - a wand of mindburst (7)
   (You found it on level 5 of the Lair of Beasts)
 s - a wand of roots (30)
   (You found it on level 6 of the Dungeon)
 t - a wand of flame (30)
   (You found it on level 11 of the Dungeon)
 u - a wand of paralysis (3)
   (You found it on level 11 of the Dungeon)
 x - a wand of acid (18)
   (You took it off Maurice on level 6 of the Dungeon)
 C - a wand of polymorph (16)
   (You found it on level 10 of the Dungeon)
Scrolls
 d - 2 scrolls of silence
 f - 2 scrolls of vulnerability {!r}
 j - 7 scrolls of teleportation {@r4}
 p - 6 scrolls of revelation
 r - 3 scrolls of fear
 w - a scroll of immolation {!r}
 y - 4 scrolls of fog
 G - a scroll of brand weapon
 O - 3 scrolls of enchant weapon
 T - 4 scrolls of identify {@r1}
Potions
 c - 7 potions of curing {@q1}
 k - 7 potions of heal wounds {@q2}
 n - 3 potions of mutation {!q}
 q - 2 potions of enlightenment
 z - a potion of might
 B - 5 potions of ambrosia
 E - a potion of cancellation
 J - a potion of resistance
 Q - 2 potions of invisibility
 V - a potion of magic
 X - 3 potions of brilliance
Miscellaneous
 m - a phial of floods
   (You found it on level 10 of the Dungeon)


   Skills:
 + Level 10.8(15.8) Fighting
 + Level 12.3(17.3) Short Blades
 + Level 10.5(15.5) Long Blades
 + Level 10.5(15.5) Axes
 + Level 10.5(15.5) Maces & Flails
 + Level 10.5(15.5) Polearms
 + Level 10.5(15.5) Staves
 + Level 10.5(15.5) Ranged Weapons
 + Level 10.5(15.5) Throwing
 + Level 10.5(15.5) Armour
 + Level 10.8(15.8) Dodging
 + Level 11.3(16.3) Stealth
 + Level 10.5(15.5) Shields
 + Level 10.5(15.5) Unarmed Combat
 + Level 11.6 Spellcasting
 + Level 8.8 Conjurations
 + Level 8.8 Hexes
 + Level 8.8 Summonings
 + Level 8.8 Necromancy
 + Level 8.8 Translocations
 + Level 8.8 Fire Magic
 + Level 8.8 Ice Magic
 + Level 8.8 Air Magic
 + Level 8.8 Earth Magic
 + Level 8.8 Alchemy
 + Level 11.4 Invocations
 + Level 10.5 Evocations
 + Level 9.6 Shapeshifting


You had 33 spell levels left.
You knew the following spells:

 Your Spells              Type           Power      Damage    Failure   Level
a - Dazzling Flash        Conj/Hex       88%        N/A       1%          3
s - Slow                  Hex            100%       N/A       1%          1

Your spell library contained the following spells:

 Spells                   Type           Power      Damage    Failure   Level
 Apportation              Tloc           88%        N/A       1%          1
 Freeze                   Ice            100%       1d10      1%          1
 Magic Dart               Conj           100%       1d8       1%          1
 Necrotise                Necr           100%       1d9       1%          1
 Sandblast                Erth           88%        2d18      1%          1
 Sting                    Conj/Alch      100%       1d9       1%          1
 Cigotuvi's Dreadful Rot  Necr/Alch/Air  88%        N/A       1%          2
 Jinxbite                 Hex            88%        N/A       1%          2
 Confusing Touch          Hex            44%        N/A       1%          3
 Frozen Ramparts          Ice            88%        1d14      1%          3
 Hailstorm                Conj/Ice       44%        3d9       1%          3
 Inner Flame              Hex/Fire       44%        N/A       1%          3
 Ozocubu's Armour         Ice            44%        N/A       1%          3
 Sigil of Binding         Hex            44%        N/A       1%          3
 Vampiric Draining        Necr           44%        2d9       1%          3
 Dispel Undead            Necr           44%        3d17      4%          4
 Flame Wave               Conj/Fire      44%        2d11      4%          4
 Sticky Flame             Fire/Alch      44%        2d8       4%          4
 Alistair's Intoxication  Alch           29%        N/A       12%         5
 Metabolic Englaciation   Hex/Ice        22%        N/A       12%         5
 Ozocubu's Refrigeration  Ice            22%        4d12      98%         7
 Polar Vortex             Ice            22%        12d2*     100%        9
 Summon Small Mammal      Summ           Unusable   N/A       N/A         1
 Summon Ice Beast         Ice/Summ       Unusable   N/A       N/A         4
 Death Channel            Necr           Unusable   N/A       N/A         6
 Simulacrum               Ice/Necr       Unusable   N/A       N/A         6

Dungeon Overview and Level Annotations

Branches:
Dungeon (12/15)            Temple (1/1) D:6            Lair (5/5) D:11
 Shoals (0/4) Lair:2       Spider (0/4) Lair:3        Slime (0/5) Lair:5
    Orc (2/2) D:12            Elf (0/3) Orc:2        Bailey (visited)

Altars:
Ashenzari
Cheibriados
Dithmenos
Elyvilon
Fedhas
Gozag
Hepliaklqana
Kikubaaqudgha
Makhleb
Nemelex Xobeh
Okawaru
Qazlal
Ru
Sif Muna
Trog
Uskayaw
Vehumet
Wu Jian
Xom
Yredelemnul
Zin
The Shining One
Jiyva

Shops:
D:1 (   D:5 =   D:9 !*?

Annotations:
Lair:1 2 transporters, exclusion: ice statue, Nuqu's ghost, journeyman DjFE
Lair:3 3 runed translucent doors, exclusion: door, jotaen's ghost, journeyman MiFi; koorschki's ghost, journeyman DsBr


Innate Abilities, Weirdness & Mutations

You have very sharp teeth.
Your uncanny sense of smell can sniff out nearby items.
Your experience applies equally to all skills.


Message History

You block the orc's attack. The orc hits you but does no damage.
The orc wizard casts a spell.
The orc wizard flickers and vanishes for a moment.
The ettin closely misses you. The ettin barely misses you. The orc misses you.
The orc barely misses you. The orc closely misses you.
The orc wizard hits you but does no damage.
The orc priest mumbles some strange prayers to Beogh against you.
Beogh smites you!
* * * LOW HITPOINT WARNING * * *
You climb downwards.
There is a stone staircase leading up, spattered with blood here.
You gain the combat prowess of a mighty hero.
The orc wizard closely misses you. The orc closely misses you.
The ettin misses you.
The ettin hits you with a +3 dire flail!!
* * * LOW HITPOINT WARNING * * *
The orc hits you but does no damage. The orc priest completely misses you.
The orc barely misses you.
The +7 Kryia's mail coat enhances the healing.
You feel much better. The ettin barely misses you. The ettin misses you.
The orc barely misses you. The orc misses you. x2
The orc wizard mumbles some strange words.
The orc wizard flickers and vanishes for a moment.
You block the orc priest's attack.
You hit the ettin. You burn the ettin. You hit the ettin but do no damage.
The orc misses you. The orc completely misses you. The ettin barely misses you.
The ettin hits you with a +3 dire flail!
* * * LOW HITPOINT WARNING * * *
The orc wizard hits you but does no damage.
The orc priest invokes the aid of Beogh against you.
Beogh smites you!
* * * LOW HITPOINT WARNING * * *
You block the orc's attack.
You puncture the ettin! You burn the ettin.
You bite the ettin, but do no damage. The ettin misses you.
The ettin hits you with a +3 dire flail!!
* * * LOW HITPOINT WARNING * * *
You block the orc's attack. The orc barely misses you. The orc misses you.
You block the orc wizard's attack. The orc priest closely misses you.
You hit the ettin. You burn the ettin. You puncture the ettin!
You burn the ettin. You block the ettin's attack. The ettin misses you.
The orc hits you but does no damage. You block the orc wizard's attack.
The orc completely misses you. x2
The orc priest miscasts a cantrip.
You puncture the ettin! You burn the ettin. You completely miss the ettin.
The orc hits you but does no damage. The orc misses you.
You block the ettin's attack.
The ettin hits you with a +3 dire flail!!
You die...

## ######################## #
.#######....##.o#o....#.......###
...............o@o...............
...............oC[...............
.................................
.................................
...........................#.....
...........................).....
...........................#.....
.......)...................##.##.
..........................######.


You could see an ettin, an orc priest, an orc wizard (invisible) and 3 orcs.

Vanquished Creatures
  2 dire elephants
  2 fire dragons
  4 hydras
  A catoblepas (Lair:3)
  2 boulder beetles
  13 death yaks
  5 two-headed ogres
  An orc high priest (Orc:1)
  2 skysharks (Lair:4)
  The ghost of Drangen the Skirmisher, a novice SpHu of Okawaru (D:10)
  An orb spider (Lair:3)
  3 lindwurms (Lair:5)
  An orc knight (Orc:2)
  A deep elf pyromancer (D:9)
  An ugly thing (D:12)
  Maurice (D:6)
  3 manticores
  4 cyclopes
  7 black mambas
  18 elephants
  A water nymph (Lair:2)
  5 torpor snails (Lair:5)
  19 cane toads
  12 komodo dragons
  5 rime drakes
  3 polar bears
  4 tyrant leeches (Lair:5)
  4 trolls
  7 hornets
  A raiju (Abyss:1)
  3 dream sheep
  21 blink frogs
  Sigmund (D:4)
  4 spriggans (Bailey)
  A shadow (D:8)
  3 wyverns
  A vampire (D:11)
  2 wraiths
  4 basilisks
  A steam dragon (Bailey)
  A warg (Orc:2)
  Grum (D:8)
  48 yaks
  18 water moccasins
  20 orc warriors
  3 sky beasts
  3 black bears
  7 ogres
  2 phantoms
  26 wolves
  9 centaurs
  3 kobold brigands
  A gnoll sergeant (D:8)
  22 bullfrogs
  A small abomination (Abyss:1)
  2 scorpions
  4 wights (D:9)
  3 killer bees (D:8)
  2 howler monkeys (D:8)
  9 electric eels (D:11)
  15 jellies
  12 orc priests
  A sleepcap (D:7)
  Jessica (D:3)
  An iguana (D:4)
  25 orc wizards
  6 hell rats
  Robin (D:2)
  9 adders
  3 gnolls
  9 river rats (D:5)
  A shadow imp (D:5)
  A white imp (D:7)
  3 worms
  A dart slug (D:3)
  56 orcs
  9 endoplasms
  21 goblins
  7 hobgoblins
  6 jackals (D:1)
  9 quokkas
  6 ball pythons
  5 bats
  2 frilled lizards (D:1)
  20 kobolds
  17 rats
607 creatures vanquished.

Vanquished Creatures (collateral kills)
  A jelly (D:4)
1 creature vanquished.

Vanquished Creatures (others)
  Erolcha (D:11)
  A gnoll (D:7)
2 creatures vanquished.

Grand Total: 610 creatures vanquished

Notes
Turn   | Place    | Note
-------+----------+-------------------------------------------
     0 | D:1      | James the Gnoll Wanderer began the quest for the Orb.
     0 | D:1      | James set off with the following items: a +0 short sword, a
                  | +0 cloak, a potion of curing {@q1}, a +0 robe; and the
                  | following spells available to memorise: Magic Dart,
                  | Sandblast, Slow, Dazzling Flash.
     0 | D:1      | Reached XP level 1. HP: 17/17 MP: 6/6
    80 | D:1      | You fall into a shaft and drop 1 floor!
   171 | D:1      | Reached XP level 2. HP: 23/23 MP: 7/7
   280 | D:1      | Found Roewaxops's Antique Weapon Emporium.
   667 | D:1      | Reached skill level 5 in Spellcasting
   667 | D:1      | Reached XP level 3. HP: 28/28 MP: 7/9
  1105 | D:2      | Reached skill level 1 in Invocations
  1182 | D:2      | Found a broken altar of Ashenzari.
  1256 | D:2      | Reached skill level 1 in Long Blades
  1256 | D:2      | Reached skill level 1 in Axes
  1256 | D:2      | Reached skill level 1 in Maces & Flails
  1256 | D:2      | Reached skill level 1 in Polearms
  1256 | D:2      | Reached skill level 1 in Staves
  1256 | D:2      | Reached skill level 1 in Ranged Weapons
  1256 | D:2      | Reached skill level 1 in Throwing
  1256 | D:2      | Reached skill level 1 in Armour
  1256 | D:2      | Reached skill level 1 in Shields
  1256 | D:2      | Reached skill level 1 in Unarmed Combat
  1256 | D:2      | Reached skill level 1 in Evocations
  1697 | D:3      | Reached skill level 1 in Shapeshifting
  1697 | D:3      | Reached XP level 4. HP: 34/34 MP: 11/11
  1727 | D:2      | Reached skill level 1 in Conjurations
  1727 | D:2      | Reached skill level 1 in Hexes
  1727 | D:2      | Reached skill level 1 in Summonings
  1727 | D:2      | Reached skill level 1 in Necromancy
  1727 | D:2      | Reached skill level 1 in Translocations
  1727 | D:2      | Reached skill level 1 in Fire Magic
  1727 | D:2      | Reached skill level 1 in Ice Magic
  1727 | D:2      | Reached skill level 1 in Air Magic
  1727 | D:2      | Reached skill level 1 in Earth Magic
  1727 | D:2      | Reached skill level 1 in Alchemy
  1825 | D:3      | Reached XP level 5. HP: 38/40 MP: 12/12
  2038 | D:3      | Noticed Jessica
  2056 | D:3      | Killed Jessica
  2241 | D:3      | Found a faded altar of an unknown god.
  2736 | D:4      | Reached XP level 6. HP: 47/47 MP: 13/13
  3008 | D:4      | Noticed a black bear
  3021 | D:4      | Killed a black bear
  3431 | D:4      | Reached skill level 7 in Short Blades
  3431 | D:4      | Reached XP level 7. HP: 52/52 MP: 15/15
  3445 | D:4      | Noticed Sigmund
  3460 | D:4      | Killed Sigmund
  3461 | D:4      | Reached skill level 5 in Stealth
  3990 | D:5      | Entered Level 5 of the Dungeon
  4184 | D:5      | Found Irijir's Jewellery Shop.
  5019 | D:5      | Reached XP level 8. HP: 10/60 MP: 16/16
  5606 | D:6      | Found the +7 Kryia's mail coat {PotionHeal*2 rC+}
  5743 | D:6      | Found a staircase to the Ecumenical Temple.
  5758 | Temple   | Entered the Ecumenical Temple
  5790 | Temple   | Became a worshipper of Warmaster Okawaru
  6166 | D:6      | Reached XP level 9. HP: 66/66 MP: 18/18
  6688 | D:6      | Reached * piety under Okawaru
  6988 | D:7      | Noticed Maurice
  7003 | D:6      | Maurice stole a +1 whip of venom
  7007 | D:6      | Maurice stole 3 boomerangs
  7012 | D:6      | Maurice stole 389 gold
  7022 | D:6      | Killed Maurice
  7023 | D:6      | Reached skill level 5 in Fighting
  7023 | D:6      | Reached skill level 8 in Short Blades
  7023 | D:6      | Reached skill level 5 in Dodging
  7188 | D:7      | Reached ** piety under Okawaru
  7486 | D:6      | Reached skill level 5 in Invocations
  8504 | D:1      | Bought an encrusted trident for 178 gold pieces
  8504 | D:1      | Identified the +4 trident of the Singing Badger {flame,
                  | rPois Str+2 Int+3 Stlth+} (You bought it in a shop on level
                  | 1 of the Dungeon)
  8577 | D:2      | Noticed Robin
  8601 | D:2      | Killed Robin
  8843 | D:8      | Found a transporter.
  8846 | D:8      | Found a transporter.
  8849 | D:8      | Found a transporter.
  8850 | D:8      | Noticed a cyclops
  9070 | D:8      | Reached skill level 5 in Long Blades
  9070 | D:8      | Reached skill level 5 in Axes
  9070 | D:8      | Reached skill level 5 in Maces & Flails
  9070 | D:8      | Reached skill level 5 in Polearms
  9070 | D:8      | Reached skill level 5 in Staves
  9070 | D:8      | Reached skill level 5 in Ranged Weapons
  9070 | D:8      | Reached skill level 5 in Throwing
  9070 | D:8      | Reached skill level 5 in Armour
  9070 | D:8      | Reached skill level 5 in Shields
  9070 | D:8      | Reached skill level 5 in Unarmed Combat
  9070 | D:8      | Reached skill level 5 in Evocations
  9070 | D:8      | Reached XP level 10. HP: 74/76 MP: 20/20
  9161 | D:8      | Found a transporter.
  9165 | D:8      | Noticed a two-headed ogre
  9285 | D:8      | Found a transporter.
  9285 | D:8      | Noticed a four-headed hydra
  9287 | D:8      | Identified a scroll of acquirement
  9287 | D:8      | Acquired the +1 pair of gloves of Pandemonium {+Blink SInv}
  9326 | D:8      | Noticed Grum
  9348 | D:8      | Killed Grum
  9348 | D:8      | Reached *** piety under Okawaru
  9357 | D:8      | Found a sparkling altar of Nemelex Xobeh.
  9721 | D:9      | Noticed a manticore
  9721 | D:9      | Noticed a deep elf pyromancer
  9773 | D:9      | Found a flagged portal.
  9796 | Bailey   | Entered a bailey
  9842 | Bailey   | Reached skill level 5 in Shapeshifting
  9973 | Bailey   | Noticed a two-headed ogre
  9979 | Bailey   | Killed a two-headed ogre
 10325 | D:9      | Found Pooshra's Magic Scroll Boutique.
 10329 | D:9      | Bought a scroll of identify for 24 gold pieces
 10329 | D:9      | Bought a scroll of identify for 24 gold pieces
 10474 | D:9      | Paralysed by a hornet for 3 turns
 10591 | D:9      | Found Moennaj's Assorted Antiques.
 10681 | D:9      | Found Bifeh's Distillery.
 10780 | D:9      | Reached **** piety under Okawaru
 11042 | D:9      | Reached skill level 9 in Short Blades
 11213 | D:9      | Reached skill level 5 in Conjurations
 11213 | D:9      | Reached skill level 5 in Hexes
 11213 | D:9      | Reached skill level 5 in Summonings
 11213 | D:9      | Reached skill level 5 in Necromancy
 11213 | D:9      | Reached skill level 5 in Translocations
 11213 | D:9      | Reached skill level 5 in Fire Magic
 11213 | D:9      | Reached skill level 5 in Ice Magic
 11213 | D:9      | Reached skill level 5 in Air Magic
 11213 | D:9      | Reached skill level 5 in Earth Magic
 11213 | D:9      | Reached skill level 5 in Alchemy
 11294 | D:9      | Reached XP level 11. HP: 72/83 MP: 22/22
 11554 | D:9      | Acquired the ring of Life {*Corrode rElec rPois rN+ Slay+4}
 11559 | D:10     | Entered Level 10 of the Dungeon
 11990 | D:10     | Noticed a two-headed ogre
 11999 | D:10     | Killed a two-headed ogre
 12114 | D:10     | Reached ***** piety under Okawaru
 12586 | D:10     | Found a runed translucent door.
 12588 | D:10     | Noticed Drangen's ghost (novice SpHu)
 12592 | D:10     | Noticed a cyclops
 13133 | D:11     | Found a staircase to the Lair.
 13135 | D:11     | Noticed a two-headed ogre
 13189 | D:11     | Killed a two-headed ogre
 13189 | D:11     | Received a gift from Okawaru
 13320 | D:11     | Noticed Erolcha
 13362 | D:11     | Noticed a manticore
 13368 | Abyss:1  | Found a corrupted altar of Lugonu.
 13368 | Abyss:1  | Cast into level 1 of the Abyss (Erolcha)
 13526 | Abyss:1  | Noticed a wretched star
 13540 | D:11     | Escaped the Abyss
 13559 | D:11     | Killed Erolcha
 13568 | D:11     | Killed a manticore
 14294 | Lair:1   | Entered Level 1 of the Lair of Beasts
 14337 | Lair:1   | Reached XP level 12. HP: 70/91 MP: 24/24
 14940 | D:11     | Acquired the +2 cloak of Omission {+Blink rPois Will+}
 14954 | D:11     | Acquired the +0 buckler of Vottiywa {rF+ Regen+ Int+4}
 15056 | Lair:1   | Found a transporter.
 15064 | Lair:1   | Noticed Nuqu's ghost (journeyman DjFE)
 15064 | Lair:1   | Noticed an eight-headed hydra
 15241 | Lair:1   | Found a transporter.
 15282 | Lair:1   | Reached skill level 10 in Short Blades
 15341 | Lair:1   | Received a gift from Okawaru
 16011 | D:10     | Killed Drangen's ghost
 16237 | Lair:2   | Noticed a boulder beetle
 16676 | Lair:1   | Received a gift from Okawaru
 16748 | Lair:1   | Reached XP level 13. HP: 88/99 MP: 26/26
 17917 | Lair:3   | Found a hole to the Spider Nest.
 17934 | Lair:3   | Reached ****** piety under Okawaru
 17934 | Lair:3   | Received a gift from Okawaru
 18004 | Lair:3   | Reached skill level 10 in Spellcasting
 18351 | Lair:3   | Received a gift from Okawaru
 18352 | Lair:3   | Reached skill level 11 in Short Blades
 18392 | Lair:3   | Found a runed translucent gate.
 18392 | Lair:3   | Found a runed translucent gate.
 18392 | Lair:3   | Found a runed translucent gate.
 18396 | Lair:3   | Noticed jotaen's ghost (journeyman MiFi)
 18396 | Lair:3   | Noticed koorschki's ghost (journeyman DsBr)
 18997 | Lair:4   | Reached skill level 10 in Stealth
 19031 | Lair:4   | Reached skill level 10 in Invocations
 19031 | Lair:4   | Reached XP level 14. HP: 50/108 MP: 28/28
 19130 | Lair:4   | Identified the +7 flail "Pixekan" {elec, rF- Int+3 SInv}
 19292 | Lair:4   | Learned a level 1 spell: Slow
 19368 | Lair:4   | Received a gift from Okawaru
 20589 | D:9      | Received a gift from Okawaru
 20605 | D:9      | Identified the ring of Padev {Int+2 Dex+6}
 20775 | Lair:5   | Entered Level 5 of the Lair of Beasts
 20785 | Lair:4   | Reached skill level 10 in Fighting
 20785 | Lair:4   | Reached skill level 10 in Dodging
 21058 | Lair:5   | Found a viscous altar of Jiyva.
 21058 | Lair:5   | Found a staircase to the Slime Pits.
 21548 | Lair:5   | Received a gift from Okawaru
 21862 | Lair:5   | Reached skill level 10 in Long Blades
 21862 | Lair:5   | Reached skill level 10 in Axes
 21862 | Lair:5   | Reached skill level 10 in Maces & Flails
 21862 | Lair:5   | Reached skill level 10 in Polearms
 21862 | Lair:5   | Reached skill level 10 in Staves
 21862 | Lair:5   | Reached skill level 10 in Ranged Weapons
 21862 | Lair:5   | Reached skill level 10 in Throwing
 21862 | Lair:5   | Reached skill level 10 in Armour
 21862 | Lair:5   | Reached skill level 10 in Shields
 21862 | Lair:5   | Reached skill level 10 in Unarmed Combat
 21862 | Lair:5   | Reached skill level 10 in Evocations
 22103 | Lair:5   | Noticed a dire elephant
 22257 | Lair:5   | Reached XP level 15. HP: 101/117 MP: 30/30
 22278 | Lair:5   | Reached skill level 12 in Short Blades
 22512 | Lair:4   | Received a gift from Okawaru
 22660 | Lair:5   | Identified the ring of Plog {+Blink SInv}
 23147 | Lair:5   | Learned a level 3 spell: Dazzling Flash
 23658 | D:12     | Found a staircase to the Orcish Mines.
 24045 | D:8      | Received a gift from Okawaru
 24101 | D:8      | Identified the +3 chain mail of Hangman {Regen+ Int+5}
 24372 | Orc:1    | Entered Level 1 of the Orcish Mines
 24452 | D:12     | Identified the +6 hand axe "Tubaet" {freeze, rN+}
 24692 | Orc:2    | Entered Level 2 of the Orcish Mines
 24695 | Orc:2    | Found a staircase to the Elven Halls.
 25053 | Orc:2    | Slain by an ettin

Illustrated notes

Levels and vault maps discovered:
D:1:      dpeg_arrival_ternary, layout_loops_ring, serial_shops, shop
D:2:      layout_basic, basic_altar, uniq_robin
D:3:      layout_basic, hellmonk_ecumenical_altar_heavens_door, uniq_jessica
D:4:      layout_layer_cave, uniq_sigmund
D:5:      lemuel_ratsnest, layout_loops_cross, serial_shops, shop
D:6:      layout_cave_pods, minmay_temple_entry_gardened_gates,
          serial_bayou_lagoon_a
D:7:      layout_cave_pools, uniq_maurice
D:8:      gammafunk_the_bubble [the_bubble_gammafunk_roulette],
          layout_loops_ring, mainiacjoe_overflow_cross_hatched, uniq_grum
D:9:      minmay_tri_box, layout_irregular_city, enter_bailey_5, serial_shops,
          nicolae_shop_back_alley_shop, nicolae_shop_tiny_real_fake_doors,
          nicolae_shop_crystal
D:10:     layout_loops_cross, ebering_ghost_inner_flame
D:11:     layout_basic, erik_lair_orcish_takeover, uniq_erolcha
D:12:     minmay_the_grid_net [minmay_the_grid_paths,
          minmay_the_grid_minigrid_small_alt, minmay_the_grid_dragon_a,
          minmay_the_grid_armoury, minmay_the_grid_large_cup,
          minmay_the_grid_prize_big_room], layout_basic, david_orc_4,
          serial_shops, nicolae_shop_dealshenge
Temple:   mainiacjoe_temple_trianglar_array
Lair:1:   layout_loops_ring, nzn_ghost_randoct, grunt_megastairs_5
Lair:2:   layout_cave_pods, nicolae_shoals_entry_flooding, beast_lair_carwin_5
Lair:3:   cheibrodos_lair_river_kwai, layout_hall_layers,
          nicolae_spider_entry_orb_guardian, gammafunk_ghost_cemetery,
          minmay_shattered_shrine
Lair:4:   layout_roguey, serial_bayou_ford_a
Lair:5:   hangedman_lair_in_review, layout_gridlike, wormcave,
          minmay_slime_entry_jelly_boxes
Orc:1:    layout_caves
Orc:2:    grunt_orc_tribal_feast, layout_caves, hellmonk_ghost_happy_afterlife,
          blackcustard_rock_pile

Skill      XL: |  1  2  3  4  5  6  7  8  9 10 11 12 13 14 15 |
---------------+----------------------------------------------+-----
Spellcasting   | 5 6 7 8 9 10 11 | 11.6
Invocations    | 1 2 3 4 5 6 7 8 10 11 | 11.4
Long Blades    | 1 2 3 5 6 7 8 9 10 | 10.5
Axes           | 1 2 3 5 6 7 8 9 10 | 10.5
Maces & Flails | 1 2 3 5 6 7 8 9 10 | 10.5
Polearms       | 1 2 3 5 6 7 8 9 10 | 10.5
Staves         | 1 2 3 5 6 7 8 9 10 | 10.5
Ranged Weapons | 1 2 3 5 6 7 8 9 10 | 10.5
Throwing       | 1 2 3 5 6 7 8 9 10 | 10.5
Armour         | 1 2 3 5 6 7 8 9 10 | 10.5
Shields        | 1 2 3 5 6 7 8 9 10 | 10.5
Unarmed Combat | 1 2 3 5 6 7 8 9 10 | 10.5
Evocations     | 1 2 3 5 6 7 8 9 10 | 10.5
Shapeshifting  | 1 2 3 4 5 6 7 8 9 |  9.6
Conjurations   | 1 2 3 4 5 6 7 8 |  8.8
Hexes          | 1 2 3 4 5 6 7 8 |  8.8
Summonings     | 1 2 3 4 5 6 7 8 |  8.8
Necromancy     | 1 2 3 4 5 6 7 8 |  8.8
Translocations | 1 2 3 4 5 6 7 8 |  8.8
Fire Magic     | 1 2 3 4 5 6 7 8 |  8.8
Ice Magic      | 1 2 3 4 5 6 7 8 |  8.8
Air Magic      | 1 2 3 4 5 6 7 8 |  8.8
Earth Magic    | 1 2 3 4 5 6 7 8 |  8.8
Alchemy        | 1 2 3 4 5 6 7 8 |  8.8
Fighting       | 3 4 5 6 7 8 9 10 | 10.8
Dodging        | 3 4 5 6 7 8 9 10 | 10.8
Short Blades   | 7 8 9 10 11 12 | 12.3
Stealth        | 5 6 7 8 9 10 11 | 11.3

Action                     |  1- 3 |  4- 6 |  7- 9 | 10-12 | 13-15 || total
---------------------------+-------+-------+-------+-------+-------++-------
  Melee: Short sword       |   156 |     1 |       |       |       ||   157
         Bite              |    14 |    20 |    76 |    96 |   247 ||   453
         Punch             |     5 |     1 |    15 |    25 |       ||    46
         Whip              |    11 |    89 |       |       |       ||   100
         Dagger            |       |    56 |   434 |       |       ||   490
         War axe           |       |       |    25 |       |       ||    25
         Trident           |       |       |    35 |   716 |   731 ||  1482
         Flail             |       |       |       |       |   647 ||   647
   Fire: Sling             |       |       |   103 |    40 |     8 ||   151
  Throw: Dart              |     4 |     1 |     3 |       |       ||     8
         Javelin           |       |       |     2 |       |       ||     2
 Invoke: Heroism           |       |       |       |     1 |     7 ||     8
         Finesse           |       |       |       |     1 |     5 ||     6
  Evoke: Wand              |       |       |       |     1 |     2 ||     3
    Use: Scroll            |       |     7 |    10 |    13 |     1 ||    31
         Potion            |       |       |     1 |     2 |     1 ||     4
   Stab: Sleeping          |     2 |     4 |     3 |     9 |    25 ||    43
         Distracted        |       |     1 |       |     2 |     2 ||     5
         Petrified         |       |       |       |       |     4 ||     4
         Petrifying        |       |       |       |       |     1 ||     1
 Armour: Chain mail        |    80 |       |       |       |       ||    80
         Robe              |     4 |       |       |       |       ||     4
         Ring mail         |    10 |    97 |   106 |       |       ||   213
         Scale mail        |       |       |   246 |   495 |   843 ||  1584
  Dodge: Dodged            |    46 |    54 |   231 |   409 |   809 ||  1549
  Block: Buckler           |       |       |       |    99 |   466 ||   565
         Form:             |       |       |       |     1 |       ||     1
         Beast             |       |       |       |     1 |       ||     1

Table legend: (Time is in decaauts)
 A = Elapsed time spent in this place.
 B = Non-inter-level travel time spent in this place.
 C = Inter-level travel time spent in this place.
 D = Time resting spent in this place.
 E = Time spent auto-exploring this place.
 F = Levels seen in this place.
 G = Mean time per level.
                   A        B        C        D        E       F      G
               +--------+--------+--------+--------+--------+-----+--------+
         Total |  24824 |  22393 |   2431 |   2798 |  11064 |  22 | 1128.4 |
       Dungeon |  15551 |  13887 |   1664 |   1567 |   7399 |  12 | 1295.9 |
        Temple |     63 |      2 |     61 |      0 |      0 |   1 |   63.0 |
          Lair |   8050 |   7362 |    688 |   1030 |   3473 |   5 | 1610.0 |
  Orcish Mines |    526 |    509 |     17 |      0 |    183 |   2 |  263.0 |
         Abyss |    174 |    174 |      0 |     74 |      0 |   1 |  174.0 |
        Bailey |    458 |    458 |      0 |    127 |      8 |   1 |  458.0 |
               +--------+--------+--------+--------+--------+-----+--------+

Top non-repeatable levels by time:
     D:6: 2071 daAuts
  Lair:5: 2016 daAuts
     D:9: 1958 daAuts
  Lair:1: 1648 daAuts
    D:11: 1586 daAuts
  Lair:4: 1546 daAuts
  Lair:3: 1524 daAuts
    D:10: 1459 daAuts
     D:5: 1397 daAuts
     D:8: 1349 daAuts
  Lair:2: 1313 daAuts
     D:4: 1281 daAuts
     D:2: 1054 daAuts
     D:3: 991 daAuts
     D:1: 884 daAuts
